 Dungeon Crawl Stone Soup version 0.27.1-33-g824d729ab1 (webtiles) character file.

Game seed: 11934869293100591627

1110 zeram the Cudgeller (level 8, -15/74 HPs)
             Began as a Troll Fighter on Nov 27, 2021.
             Demolished by a wyvern (18 damage)
             ... on level 5 of the Dungeon.
             The game lasted 00:10:23 (4083 turns).

zeram the Cudgeller (Troll Fighter)                 Turns: 4083, Time: 00:10:24

Health: -15/74     AC:  4    Str: 25    XL:     8   Next: 11%
Magic:  7/7        EV: 10    Int:  6    God:
Gold:   199        SH:  0    Dex:  9    Spells: 7/7 levels left

rFire    . . .     SeeInvis .   o - +0 giant spiked club (vorpal)
rCold    + . .     Faith    .   (shield currently unavailable)
rNeg     + . .     Spirit   .   b - +0 robe
rPois    .         Reflect  .   (helmet restricted)
rElec    .         Harm     .   (no cloak)
rCorr    .         Rampage  .   (gloves unavailable)
Will     .....                  (boots unavailable)
Stlth    +.........             (no amulet)
HPRegen  1.22/turn              l - ring of positive energy
MPRegen  0.10/turn              r - ring of protection from cold

@: no status effects
A: large, unfitting armour, claws 3, regeneration 1, shaggy fur 1, tough skin 1
a: no special abilities


You were on level 5 of the Dungeon.
You visited 2 branches of the dungeon, and saw 6 of its levels.

You collected 199 gold pieces.

Inventory:

Hand Weapons
 a - a +2 vorpal flail
 g - a +4 spear
 h - a +1 spectral club
 i - a +0 giant club
 o - a +0 vorpal giant spiked club (weapon)
Armour
 b - a +0 robe (worn)
 c - a +0 kite shield
Jewellery
 l - a ring of positive energy (left claw)
 m - a ring of wizardry
 r - a ring of protection from cold (right claw)
Wands
 d - a wand of mindburst (3)
Scrolls
 e - 4 scrolls of teleportation
 j - a scroll of fear
 p - 2 scrolls of identify
Potions
 f - a potion of curing
 k - 2 potions of flight
 n - a potion of attraction {unknown}
 q - a potion of resistance {unknown}


   Skills:
 - Level 2.4 Fighting
 + Level 6.4 Maces & Flails
 + Level 5.0 Dodging
 - Level 4.2 Shields


You had 7 spell levels left.
You didn't know any spells.
Your spell library contained the following spells:

 Spells                   Type           Power      Damage    Failure   Level
 Sting                    Tmut/Pois      0%         1d3       45%         1
 Poisonous Vapours        Pois/Air       0%         N/A       58%         2
 Gell's Gravitas          Tloc           0%         N/A       83%         3
 Lesser Beckoning         Tloc           0%         N/A       83%         3
 Teleport Other           Tloc           0%         N/A       83%         3
 Olgreb's Toxic Radiance  Pois           0%         N/A       99%         4
 Summon Ice Beast         Ice/Summ       0%         N/A       99%         4
 Summon Mana Viper        Hex/Summ       0%         N/A       100%        5
 Monstrous Menagerie      Summ           0%         N/A       100%        7


Dungeon Overview and Level Annotations

Branches:
Dungeon (5/15)             Temple (1/1) D:4

Altars:
Dithmenos
Fedhas
Makhleb
Nemelex Xobeh
Okawaru
Qazlal
Ru
Trog
Uskayaw
Vehumet
Wu Jian
Xom
Zin
The Shining One

Shops:
D:4 (   D:5 (


Innate Abilities, Weirdness & Mutations

You are too large for most types of armour.
You have claws for hands.
Your natural rate of healing is unusually fast.
You are covered in fur. (AC +1)
You have tough skin. (AC +1)


Message History

No target in view!
No target in view!
No target in view!
No target in view!
No target in view!
You pick up a book of Beasts and begin reading...
You add the spells Summon Ice Beast, Summon Mana Viper and Monstrous Menagerie to your library.
Okay, then.
Found a scroll of teleportation.
e - 4 scrolls of teleportation (gained 1)
Found 12 poisoned darts and 2 potions of curing.
Found 15 gold pieces.
A wyvern comes into view.
A wyvern is nearby!
A wyvern is nearby!
A wyvern is nearby!
The wyvern hisses angrily.
You see here 2 potions of curing.
The wyvern closely misses you.
You closely miss the wyvern.
The wyvern bites you but does no damage.
The wyvern bites you.
You closely miss the wyvern. The wyvern closely misses you.
The wyvern bites you. The wyvern bites you!
You puncture the wyvern!
The wyvern is moderately wounded.
The wyvern bites you! x2
You closely miss the wyvern.
The wyvern is moderately wounded.
The wyvern bites you! x2
* * * LOW HITPOINT WARNING * * *
You feel better. The wyvern bites you.
* * * LOW HITPOINT WARNING * * *
The wyvern barely misses you.
You barely miss the wyvern.
The wyvern is moderately wounded.
The wyvern bites you!
* * * LOW HITPOINT WARNING * * *
The wyvern bites you!!
You die...

#.....##.#
#.....##.#
.##......(.#
#.......##.#
##......##.#
##......$.#####
#.#..#.!.......
#..#..##.#.#####
.. #....@..#
####.l### .....
........
##.......#
#.......#
#.......#
#.......#


You could see a wyvern.

Vanquished Creatures
  Sigmund (D:2)
  A water moccasin (D:5)
  An ice beast (D:4)
  A black bear (D:4)
  2 ogres (D:4)
  A wyvern zombie (D:5)
  A howler monkey (D:5)
  A jelly (D:4)
  An orc priest (D:4)
  An iguana (D:5)
  Ijyb (D:4)
  2 orc wizards
  11 adders
  3 gnolls (D:2)
  A howler monkey skeleton (D:4)
  A river rat (D:4)
  A worm (D:2)
  A dart slug (D:1)
  7 orcs (D:4)
  7 bats
  7 endoplasms
  2 giant cockroaches
  8 goblins
  10 hobgoblins
  3 jackals (D:2)
  3 quokkas
  9 ball pythons
  A frilled lizard (D:1)
  8 kobolds
  5 rats
102 creatures vanquished.

Notes
Turn   | Place    | Note
-------+----------+-------------------------------------------
     0 | D:1      | zeram the Troll Fighter began the quest for the Orb.
     0 | D:1      | Reached XP level 1. HP: 22/22 MP: 0/0
    90 | D:1      | Reached XP level 2. HP: 29/29 MP: 1/1
   123 | D:1      | Found a faded altar of an unknown god.
   133 | D:1      | Reached skill level 2 in Maces & Flails
   570 | D:2      | Reached XP level 3. HP: 36/36 MP: 2/2
   990 | D:2      | Reached XP level 4. HP: 42/44 MP: 3/3
  1017 | D:2      | Reached skill level 3 in Maces & Flails
  1139 | D:2      | Noticed Sigmund
  1155 | D:2      | Killed Sigmund
  1156 | D:2      | Reached skill level 4 in Maces & Flails
  1156 | D:2      | Reached XP level 5. HP: 38/50 MP: 4/4
  1508 | D:3      | Reached XP level 6. HP: 56/59 MP: 5/5
  2339 | D:4      | Found Xubeif's Antique Weapon Boutique.
  2382 | D:4      | Noticed Ijyb
  2394 | D:4      | Killed Ijyb
  2529 | D:4      | Found a staircase to the Ecumenical Temple.
  2761 | D:4      | Found a glowing golden altar of the Shining One.
  2790 | Temple   | Entered the Ecumenical Temple
  3141 | D:4      | Reached XP level 7. HP: 66/66 MP: 6/6
  3143 | D:4      | Reached skill level 5 in Maces & Flails
  3711 | D:5      | Entered Level 5 of the Dungeon
  3714 | D:5      | Found Urinanad's Weapon Boutique.
  3722 | D:5      | Reached skill level 6 in Maces & Flails
  3922 | D:5      | Reached XP level 8. HP: 27/74 MP: 7/7
  4026 | D:5      | Reached skill level 5 in Dodging
  4083 | D:5      | HP: 3/74 [wyvern (16)]
  4083 | D:5      | Demolished by a wyvern

Illustrated notes

Levels and vault maps discovered:
D:1:      lightli_arrival_chessboard, layout_loops_ring,
          hellmonk_ecumenical_altar_crossroads
D:2:      layout_basic, hangedman_decor_growths, minmay_snake_closets,
          uniq_sigmund
D:3:      layout_basic
D:4:      layout_gridville, mainiacjoe_overflow_alcove_1,
          minmay_temple_entry_wispy, serial_shops, kennysheep_mini,
          gup_sewer_entry_bowl, minmay_box_of_dots, uniq_ijyb
D:5:      layout_loops_cross, nicolae_stop_n_shop_2
Temple:   oiseaux_autumnal_temple

Skill      XL: |  1  2  3  4  5  6  7  8 |
---------------+-------------------------+-----
Maces & Flails | 2 4 6 |  6.4
Dodging        | 3 4 5 |  5.0
Shields        | 3 4 |  4.2
Fighting       | |  2.4

Action                   |  1- 3 |  4- 6 |  7- 9 || total
-------------------------+-------+-------+-------++-------
Melee: Flail             |   139 |   210 |    11 ||   360
       Giant spiked club |       |       |    51 ||    51
  Use: Scroll            |     2 |     9 |     1 ||    12
       Potion            |       |     4 |     3 ||     7
 Stab: Sleeping          |       |     1 |       ||     1
Armor: Robe              |    60 |    33 |    20 ||   113
       Skin              |       |    40 |       ||    40
Dodge: Dodged            |    45 |    67 |    41 ||   153
Block: Kite shield       |    75 |   104 |     5 ||   184
